 Dungeon Crawl Stone Soup version 0.30-a0-956-gcec3b41aec (webtiles) character file.

Game seed: 17327666301603490366

40 oldriver the Trooper (level 3, 0/24 HPs)
             Began as a Gargoyle Fighter on Mar 30, 2023.
             Slain by a goblin
             ... wielding a +0 club
              (3 damage)
             ... on level 2 of the Dungeon.
             The game lasted 00:01:12 (1006 turns).

oldriver the Trooper (Gargoyle Fighter)             Turns: 1006, Time: 00:01:13

Health: 0/24       AC: 10    Str: 20 (21) XL:     3   Next: 50%
Magic:  3/3        EV:  9    Int:  5 (8)  God:
Gold:   46         SH:  4    Dex:  7 (9)  Spells: 2/2 levels left

rFire   . . .      SeeInvis .    h - +2 mace (drain)
rCold   . . .      Faith    .    c - +0 buckler
rNeg    + . .      Spirit   .    b - +0 scale mail
rPois   ∞          Reflect  .    (no helmet)
rElec   +          Rampage  .    (no cloak)
rCorr   .                        (no gloves)
Will    .....                    (no boots) Stlth
                                 (no amulet)
HPRegen 0.24/turn                (no ring)
MPRegen 0.08/turn                (no ring)

@: attractive
A: sickness immunity, AC +3, negative energy resistance 1, electricity
resistance, torment resistance 1, petrification resistance
a: no special abilities


You were on level 2 of the Dungeon.
You visited 1 branch of the dungeon, and saw 2 of its levels.

You collected 46 gold pieces.

Inventory:

Hand Weapons
 a - a +0 war axe
 h - a +2 mace of draining (weapon)
Missiles
 g - 8 poisoned darts (quivered)
Armour
 b - a +0 scale mail (worn)
 c - a +0 buckler (worn)
Scrolls
 i - a scroll of fear {unknown}
Potions
 d - 2 potions of might


   Skills:
 + Level 3.8 Fighting
 * Level 2.8 Axes
 - Level 3.2 Armour
 + Level 1.0 Stealth
 - Level 3.2 Shields


You had 2 spell levels left.
You didn't know any spells.
Your spell library contained the following spells:

 Spells                   Type           Power      Damage    Failure   Level
 Ozocubu's Armour         Ice            0%         N/A       99%         3
 Metabolic Englaciation   Hex/Ice        0%         N/A       100%        5
 Simulacrum               Ice/Necr       0%         N/A       100%        6


Dungeon Overview and Level Annotations

Branches:
Dungeon (2/15)

Altars:

Shops:
D:2 [


Innate Abilities, Weirdness & Mutations

You are immune to sickness and miasma.
Your stone body is resilient. (AC +3)
You are immune to poison.
You resist negative energy. (rN+)
You are resistant to electric shocks. (rElec)
You are resistant to unholy torment.
You are immune to petrification.


Message History

No target in view!
An orc priest comes into view. It is wielding a +0 flail.
The orc priest shouts!
You hear a shout! x3
A goblin comes into view. It is wielding a +0 club.
You see here a hobgoblin corpse.
There are monsters nearby!
There are monsters nearby!
There are monsters nearby!
You hit the orc priest. You drain the orc priest.
The orc priest is heavily wounded.
The orc priest looks braver for a moment.
An orc comes into view. It is wielding a +0 flail.
You hit the orc priest.
The orc priest is heavily wounded.
The orc priest barely misses you.
An orc comes into view. It is wielding a +0 flail.
The orc priest invokes the aid of Beogh against you.
Beogh smites you!
Ouch! That really hurt!
The goblin hits you but does no damage.
You hit the orc priest. You drain the orc priest.
The orc priest is almost dead.
The orc priest hits you with a +0 flail.
* * * LOW HITPOINT WARNING * * *
An orc wizard comes into view. It is wielding a +0 dagger.
The goblin barely misses you.
Unknown command.
You aren't carrying any items that you can evoke.
It was a potion of degeneration.
There was something very wrong with that liquid.
You feel weakened.
You feel dopey.
You feel clumsy. The orc priest barely misses you.
An orc priest comes into view. It is wielding a +0 whip.
The goblin hits you but does no damage.
It was a potion of attraction.
You feel attractive to monsters.
The orc priest shouts!
The orc priest hits you but does no damage.
The goblin hits you with a +0 club.
You die...

#.......#
#############..
##.....##
#...[.'..
####...########.
#.#####..
##...........
#... #....####
#.#' #.##....#
#.#. #.##..#.#
#.#. #.....#†#
.)#. ####...@#
###. ###.go# ..
###oo. ## ##..#
#o# ..# o# .


You could see 2 orc priests, an orc wizard, 2 orcs and a goblin.

Vanquished Creatures
  An adder (D:2)
  2 bats (D:1)
  3 endoplasms (D:1)
  A giant cockroach (D:2)
  8 goblins
  2 hobgoblins
  2 frilled lizards
  2 kobolds (D:1)
  9 rats (D:1)
30 creatures vanquished.

Notes
Turn   | Place    | Note
-------+----------+-------------------------------------------
     0 | D:1      | oldriver the Gargoyle Fighter began the quest for the Orb.
     0 | D:1      | Reached XP level 1. HP: 14/14 MP: 1/1
    30 | D:1      | Reached XP level 2. HP: 15/19 MP: 2/2
   473 | D:1      | Reached XP level 3. HP: 24/24 MP: 3/3
   828 | D:2      | Reached skill level 1 in Stealth
   930 | D:2      | Found Bodauj's Armour Emporium.
  1006 | D:2      | Slain by a goblin

Illustrated notes

Levels and vault maps discovered:
D:1:      minmay_arrival_cross, layout_basic, minmay_hexomino_c4
D:2:      layout_basic, serial_shops, nicolae_lakefront_shop

Skill      XL: |  1  2  3 |
---------------+----------+-----
Axes           | 2 |  2.8
Stealth        | 1 |  1.0
Fighting       | |  3.8
Armour         | |  3.2
Shields        | |  3.2

Action                     || total
---------------------------++-------
  Melee: War axe           ||    29
         Mace              ||    41
    Use: Potion            ||     2
 Armour: Scale mail        ||    41
  Dodge: Dodged            ||    31
  Block: Buckler           ||    10

Table legend: (Time is in decaauts)
 A = Elapsed time spent in this place.
 B = Non-inter-level travel time spent in this place.
 C = Inter-level travel time spent in this place.
 D = Time resting spent in this place.
 E = Time spent auto-exploring this place.
 F = Levels seen in this place.
 G = Mean time per level.
                   A        B        C        D        E       F      G
               +--------+--------+--------+--------+--------+-----+--------+
         Total |   1031 |   1006 |     25 |      0 |    806 |   2 |  515.5 |
       Dungeon |   1031 |   1006 |     25 |      0 |    806 |   2 |  515.5 |
               +--------+--------+--------+--------+--------+-----+--------+

Top non-repeatable levels by time:
     D:1: 799 daAuts
     D:2: 232 daAuts
